 Dungeon Crawl Stone Soup version 0.32-a0-673-g3729bd50f8 (webtiles) character file.

Game seed: 669918079350041652

199594 growler the Wrestler (level 18, -12/199 HPs)
             Began as a Pale Draconian Shapeshifter on Mar 10, 2024.
             Was a High Priest of Wu Jian.
             Mangled by a naga
             ... wielding a +0 war axe
              (21 damage)
             ... on level 2 of the Snake Pit.
             The game lasted 01:52:33 (31307 turns).

growler the Wrestler (Pale Draconian Shapeshifter) Turns: 31307, Time: 01:52:37

Health: -12/199    AC: 16    Str: 24    XL:     18   Next: 24%
Magic:  0/27       EV:  5    Int: 14    God:    Wu Jian [*****.]
Gold:   2910       SH:  0    Dex: 13    Spells: 17/17 levels left

rFire   . .          .
                       - Unarmed
rCold   . . .        (shield currently unavailable)
rNeg    . . .        (body armour unavailable)
rPois   +            B - melded +2 hat
rElec   .            a - melded +0 cloak "Seov Qew" {Str+4 Slay+5}
rCorr   .            F - melded +1 pair of gloves
SInv    .            D - melded +2 pair of boots {Stlth+}
Will    +....        g - amulet of guardian spirit
Stlth   +            X - +4 ring of protection
HPRegen 0.53/turn    k - ring of magical power
MPRegen 0.20/turn

%: guardian spirit
@: lethally poisoned (-12 -> -23), snake-form, constricted, studying
Spellcasting
A: constrict, boosted hp, (steam breath), AC +10, large, unfitting armour,
(cold-blooded), (steam resistance)
a: Begin Untransformation, Renounce Religion, Wall Jump, Serpent's Lash,
Heavenly Storm


You were on level 2 of the Snake Pit.
You worshipped Wu Jian.
Wu Jian was extremely pleased with you.
You were an enormous serpent.
You visited 6 branches of the dungeon, and saw 28 of its levels.

You collected 3043 gold pieces.
You spent 133 gold pieces at shops.

Inventory:

Armour
 a - the +0 cloak "Seov Qew" (melded) {Str+4 Slay+5}
   (You acquired it on level 14 of the Dungeon)

   Str+4:     It affects your strength (+4).
   Slay+5:    It affects your accuracy & damage with ranged weapons and melee
   (+5).
 B - a +2 hat (melded)
 D - a +2 pair of boots of stealth (melded)
 F - a +1 pair of gloves (melded)
Jewellery
 g - an amulet of guardian spirit (around neck)
 k - a ring of magical power (right hand)
 H - a ring of resist corrosion
 J - a ring of see invisible
 X - a +4 ring of protection (left hand)
Talismans
 d - a granite talisman
 y - a maw talisman
 O - a blade talisman
 R - a serpent talisman (active)
 T - a storm talisman
Wands
 b - a wand of flame (18)
 r - a wand of paralysis (23)
 G - a wand of digging (6)
 I - a wand of mindburst (9)
 L - a wand of polymorph (21)
 Q - a wand of warping (24)
 S - a wand of light (5)
Scrolls
 e - 4 scrolls of revelation
 h - a scroll of fear {unknown}
 j - 2 scrolls of fog
 m - 5 scrolls of noise
 n - 3 scrolls of teleportation
 s - a scroll of summoning {unknown}
 t - 4 scrolls of amnesia
 u - 2 scrolls of vulnerability
 w - 2 scrolls of poison
 x - a scroll of torment
 M - a scroll of enchant weapon {unknown}
 U - a scroll of immolation
 W - a scroll of silence
 Y - a scroll of blinking
Potions
 c - a potion of ambrosia
 f - 3 potions of enlightenment
 i - 12 potions of curing
 l - 3 potions of attraction
 o - 4 potions of cancellation
 p - a potion of might
 q - a potion of heal wounds
 v - 2 potions of brilliance
 z - 3 potions of magic
 C - 2 potions of mutation
 E - 6 potions of haste
 K - 3 potions of berserk rage
 N - a potion of resistance
 P - 3 potions of invisibility
 V - a potion of lignification


   Skills:
 + Level 15.7 Fighting
 - Level 12.3 Dodging
 - Level 21.0 Unarmed Combat
 + Level 14.6 Shapeshifting


You had 17 spell levels left.
You didn't know any spells.
Your spell library contained the following spells:

 Spells                   Type           Power      Damage    Failure   Level
 Magic Dart               Conj           0%         1d3       28%         1
 Sting                    Conj/Alch      0%         1d3       28%         1
 Summon Small Mammal      Summ           0%         N/A       28%         1
 Blink                    Tloc           0%         N/A       41%         2
 Cigotuvi's Dreadful Rot  Necr/Alch/Air  0%         N/A       41%         2
 Lesser Beckoning         Tloc           0%         N/A       41%         2
 Mercury Vapours          Alch/Air       0%         N/A       41%         2
 Momentum Strike          Conj/Tloc      0%         3d8       41%         2
 Searing Ray              Conj           0%         2d4       41%         2
 Static Discharge         Conj/Air       0%         3-3/arc   41%         2
 Call Canine Familiar     Summ           0%         N/A       65%         3
 Gell's Gravitas          Tloc           0%         N/A       65%         3
 Ozocubu's Armour         Ice            0%         N/A       65%         3
 Sigil of Binding         Hex            0%         N/A       65%         3
 Teleport Other           Tloc           0%         N/A       65%         3
 Airstrike                Air            0%         2d(0-16)  96%         4
 Dimensional Bullseye     Hex/Tloc       0%         N/A       96%         4
 Fulminant Prism          Conj/Alch      0%         3d5       96%         4
 Ignite Poison            Fire/Alch      0%         N/A       96%         4
 Olgreb's Toxic Radiance  Alch           0%         N/A       96%         4
 Summon Blazeheart Golem  Fire/Summ      0%         N/A       96%         4
 Summon Lightning Spire   Summ/Air       0%         N/A       96%         4
 Vhi's Electric Charge    Tloc/Air       0%         N/A       96%         4
 Arcjolt                  Conj/Air       0%         1d10      100%        5
 Freezing Cloud           Conj/Ice/Air   0%         6-21      100%        5
 Iskenderun's Battlesphe  Conj           0%         2d6       100%        5
 Metabolic Englaciation   Hex/Ice        0%         N/A       100%        5
 Bombard                  Conj/Erth      0%         9d1       100%        6
 Dispersal                Tloc           0%         N/A       100%        6
 Plasma Beam              Fire/Air       0%         2x1d10    100%        6
 Sculpt Simulacrum        Ice/Alch       0%         N/A       100%        6
 Ozocubu's Refrigeration  Ice            0%         4d7       100%        7
 Spellforged Servitor     Conj/Summ      0%         N/A       100%        7
 Discord                  Hex            0%         N/A       100%        8


Dungeon Overview and Level Annotations

Branches:
Dungeon (15/15)            Temple (1/1) D:4            Lair (5/5) D:10
  Swamp (3/4) Lair:3        Snake (2/4) Lair:3        Slime (0/5) Lair:4
    Orc (2/2) D:10            Elf (0/3) Orc:2        Vaults (0/5) D:14
 Depths (0/4) D:15

Altars:
Ashenzari
Cheibriados
Dithmenos
Elyvilon
Fedhas
Gozag
Hepliaklqana
Kikubaaqudgha
Makhleb
Nemelex Xobeh
Okawaru
Qazlal
Ru
Sif Muna
Trog
Uskayaw
Vehumet
Wu Jian
Xom
Yredelemnul
Zin
The Shining One
Beogh
Jiyva

Shops:
D:5 *   Orc:2 **=?**

Annotations:
D:7 2 transporters, Urgle's ghost, novice GnFi
D:14 2 runed translucent doors
Swamp:1 1 runed translucent door, Vioczuc's ghost, adept TrCK


Innate Abilities, Weirdness & Mutations

You are an enormous serpent.
You have a powerful constriction melee attack.
Your maximum health is increased.
Your armour is entirely melded.
You are incapable of wielding weapons or throwing items.
((You can breathe blasts of scalding, opaque steam.))
((Your pale cyan-grey scales are hard. (AC +10)))
You cannot fit into any form of body armour.
((You are cold-blooded and may be slowed by cold attacks.))
((You are immune to the effects of steam.))


Message History

Unknown command.
You spin and attack the guardian serpent repeatedly.
You closely miss the guardian serpent. Your grab misses the guardian serpent.
You completely miss the guardian serpent.
You grab the guardian serpent. You constrict the guardian serpent.
You feel sick.
The guardian serpent coils itself and waves its upper body at you.
The bolt of poison hits you.
You are more poisoned.
You resist.
You lash the guardian serpent!
The guardian serpent is moderately wounded.
You constrict the guardian serpent.
You feel very sick.
The naga hits you from afar with a +0 halberd!!
The guardian serpent coils itself and waves its upper body at you.
The naga warrior blinks!
The naga blinks! x3; The naga completely misses you. x2
You crush the guardian serpent!!!
You kill the guardian serpent!
The Council accepts your kill.
You feel very sick. The naga hits you with a +0 war axe!! The naga misses you.
The naga hits you with a +0 halberd!! The naga grabs you.
The naga constricts you.
You feel very sick. The naga hits you with a +0 hand axe!!
The naga warrior hits you with a +0 battleaxe!
The naga hits you with a +0 war axe!!
* * * LOW HITPOINT WARNING * * *
The naga hits you with a +0 war axe!!
* * * LOW HITPOINT WARNING * * *
The naga closely misses you. The naga constricts you.
* * * LOW HITPOINT WARNING * * *
You feel very sick. The naga hits you with a +0 hand axe!
* * * LOW HITPOINT WARNING * * *
The naga warrior completely misses you. The naga hits you with a +0 war axe!
* * * LOW HITPOINT WARNING * * *
The naga hits you with a +0 war axe!!
You die...

#..... .......
..##.............
#.#..._........
##........#.... ##.....
#.........#..# .##......
............# #........
...........# #.......
.....(NNN..# ......
......NS†!.#########....
....>..N.§###..##..##...
.........###...##...#...
........#.##...#.###...#
.......###......## ##..#
##....# #.#†..### ##.#
###.# ##..#...## ##< ##
##.##....### #.
#.#........###.


You could see a naga warrior and 4 nagas.

Vanquished Creatures
  Rupert (D:14)
  A tentacled monstrosity (Swamp:2)
  A shadow dragon (D:14)
  2 nagarajas (Snake:1)
  2 eleionomae
  Azrael (D:13)
  5 bunyips
  An ettin (Orc:2)
  A fire dragon (D:15)
  A rakshasa (D:14)
  4 salamander tyrants (Snake:1)
  12 hydras
  A yaktaur captain (D:14)
  An ice dragon (D:15)
  2 ghost crabs (Swamp:2)
  4 anacondas
  7 alligators
  4 centaur warriors (D:14)
  Erica (D:9)
  4 boulder beetles
  A death knight (D:14)
  2 two-headed ogres
  6 death yaks (Lair:4)
  12 tengu warriors
  3 naga warriors (Snake:1)
  Nergalle (D:11)
  7 orc high priests (Orc:2)
  A deep elf knight (D:14)
  A naga sharpshooter (Snake:1)
  A skyshark (Lair:3)
  A spectral anaconda (Snake:1)
  2 sea snakes (Snake:1)
  2 spriggan druids
  3 goliath frogs
  A phantasmal warrior (D:14)
  2 salamander mystics (Snake:1)
  5 swamp dragons
  7 naga ritualists (Snake:1)
  A mana viper (Snake:1)
  8 bog bodies
  5 orc knights
  An anaconda skeleton (Snake:1)
  A lindwurm (Lair:4)
  4 harpies (D:13)
  8 deep elf pyromancers
  An oklob plant (Swamp:2)
  11 ugly things
  4 orc sorcerers (Orc:2)
  7 cyclopes
  4 manticores
  A meliai (D:14)
  3 guardian serpents
  21 elephants
  3 will-o-the-wisps
  A kobold blastminer (Orc:1)
  11 black mambas
  7 naga magi (Snake:1)
  10 cane toads
  3 gargoyles
  3 torpor snails
  An unseen horror (D:11)
  7 komodo dragons
  2 freezing wraiths
  2 tengu conjurers
  4 spectral nagas (Snake:1)
  2 efreet
  7 polar bears
  13 trolls
  5 tyrant leeches
  2 spectral guardian serpents (Snake:1)
  12 hornets
  A wolf spider simulacrum (D:14)
  12 blink frogs
  5 dream sheep (Lair:5)
  2 guardian serpent skeletons (Snake:1)
  3 vampires
  21 spriggans
  10 slime creatures
  A shadow (D:9)
  4 wyverns
  16 humans (D:14)
  63 yaks
  4 basilisks
  Grum (D:9)
  6 wargs
  2 steam dragons
  3 fire elementals
  9 vampire mosquitoes
  A basilisk (shapeshifter) (D:14)
  A sea snake simulacrum (Snake:1)
  12 swamp worms
  3 acid dragons
  5 nagas
  13 water moccasins
  4 hell hounds (D:13)
  30 orc warriors
  2 ice beasts (D:6)
  A sky beast (D:7)
  3 guardian serpent simulacra (Snake:1)
  5 black bears
  2 swamp drakes
  An elephant zombie (D:7)
  4 boggarts (Lair:5)
  48 wolves
  6 ogres
  10 centaurs
  2 kobold brigands
  10 bullfrogs
  4 scorpions
  4 naga simulacra (Snake:1)
  8 wights
  6 killer bees (D:10)
  4 electric eels
  6 howler monkeys
  3 bombardier beetles
  A centaur zombie (D:7)
  2 human zombies (D:7)
  57 orc priests
  10 hounds
  2 jellies (D:5)
  3 iguanas
  41 orc wizards
  2 scorpion zombies (D:7)
  A killer bee zombie (D:7)
  An ogre zombie (D:7)
  3 hound zombies (D:7)
  A human simulacrum (D:11)
  A howler monkey zombie (D:7)
  7 gnolls
  11 adders
  4 white imps
  2 ufetubi (D:6)
  3 adder zombies (D:7)
  5 dart slugs
  3 ribbon worms
  84 orcs
  6 ball pythons
  4 endoplasms
  3 giant cockroaches
  6 goblins
  7 hobgoblins
  3 jackals
  2 quokkas
  9 bats
  7 frilled lizards
  20 kobolds
  4 rats
965 creatures vanquished.

Vanquished Creatures (others)
  An orc warrior (D:11)
  An orc wizard (D:8)
  A human simulacrum (D:11)
  4 foxfires
7 creatures vanquished.

Grand Total: 972 creatures vanquished

Notes
Turn   | Place    | Note
-------+----------+-------------------------------------------
     0 | D:1      | growler the Draconian Shapeshifter began the quest for the
                  | Orb.
     0 | D:1      | Reached XP level 1. HP: 16/16 MP: 1/1
   119 | D:1      | Reached XP level 2. HP: 23/23 MP: 2/2
   344 | D:1      | Found a faded altar of an unknown god.
   781 | D:2      | Reached XP level 3. HP: 28/28 MP: 3/3
  1167 | D:2      | Reached skill level 4 in Unarmed Combat
  1167 | D:2      | Reached XP level 4. HP: 24/35 MP: 4/4
  2005 | D:3      | Reached XP level 5. HP: 30/40 MP: 5/5
  2142 | D:3      | Identified the +12 dagger of Ygupepn {heavy, +Blink Dex+3}
  2557 | D:3      | Noticed an angel
  2558 | D:3      | Found a glowing silver altar of Zin.
  2592 | D:4      | Found a staircase to the Ecumenical Temple.
  2596 | Temple   | Entered the Ecumenical Temple
  2618 | Temple   | Became a worshipper of the Wu Jian Council
  3033 | D:4      | Reached skill level 5 in Unarmed Combat
  3135 | D:4      | Reached skill level 5 in Shapeshifting
  3135 | D:4      | Reached XP level 6. HP: 40/47 MP: 6/6
  3619 | D:5      | Entered Level 5 of the Dungeon
  3701 | D:5      | Reached skill level 6 in Unarmed Combat
  3701 | D:5      | Your scales start taking on a pale cyan-grey colour.
  3701 | D:5      | Reached XP level 7. HP: 38/52 MP: 7/7
  3701 | D:5      | Gained mutation: You are immune to the effects of steam.
                  | [Pale Draconian growth]
  3973 | D:5      | You fall into a shaft and drop 3 floors!
  4104 | D:7      | Reached * piety under Wu Jian
  4134 | D:6      | Found the +7 Kryia's mail coat {PotionHeal*2 rC+}
  4255 | D:6      | Reached skill level 7 in Unarmed Combat
  4401 | D:6      | Reached XP level 8. HP: 53/59 MP: 8/8
  4432 | D:6      | Found a shadowy altar of Dithmenos.
  4889 | D:6      | Reached skill level 8 in Unarmed Combat
  4962 | D:6      | Found a broken altar of Ashenzari.
  5444 | D:5      | Found Tuorgh's General Store.
  5469 | D:5      | Reached ** piety under Wu Jian
  6006 | D:6      | Found a blossoming altar of Fedhas.
  6065 | D:6      | Reached skill level 9 in Unarmed Combat
  6579 | D:7      | Reached XP level 9. HP: 23/64 MP: 6/9
  6748 | D:7      | Reached skill level 10 in Unarmed Combat
  6786 | D:7      | Found a hide-covered altar of Uskayaw.
  6846 | D:7      | Noticed a troll
  6850 | D:7      | Noticed Urgle's ghost (novice GnFi)
  6855 | D:7      | Found a transporter.
  6860 | D:7      | Found a transporter.
  6871 | D:7      | Found a basalt altar of Yredelemnul.
  7451 | D:7      | Found a shimmering blue altar of Sif Muna.
  7583 | D:8      | Reached *** piety under Wu Jian
  7584 | D:8      | Reached skill level 5 in Fighting
  7588 | D:8      | Reached skill level 11 in Unarmed Combat
  8195 | D:8      | Reached XP level 10. HP: 81/84 MP: 10/10
  8459 | D:8      | Noticed a two-headed ogre
  8470 | D:8      | Killed a two-headed ogre
  8500 | D:8      | Found a stormy altar of Qazlal.
  8885 | D:9      | Noticed Erica
  9031 | D:9      | Noticed a tengu warrior
  9031 | D:9      | Noticed a tengu warrior
  9040 | D:8      | Reached skill level 12 in Unarmed Combat
  9147 | D:9      | Killed Erica
  9402 | D:9      | Identified the +2 quarterstaff of Eye-covered True Grit
                  | {speed, rC++ Str+4 Int-3}
  9471 | D:9      | Noticed Grum
  9491 | D:9      | Killed Grum
  9508 | D:9      | Reached **** piety under Wu Jian
  9633 | D:9      | Killed a tengu warrior
  9633 | D:9      | Reached skill level 13 in Unarmed Combat
  9633 | D:9      | Reached XP level 11. HP: 49/99 MP: 11/11
  9638 | D:9      | Killed a tengu warrior
  9639 | D:9      | Reached skill level 10 in Fighting
 10023 | D:9      | Found an iron altar of Okawaru.
 10032 | D:9      | Found a hazy altar of Hepliaklqana.
 10034 | D:9      | Found a radiant altar of Vehumet.
 10127 | D:9      | Found a glowing golden altar of the Shining One.
 10234 | D:10     | Entered Level 10 of the Dungeon
 10313 | D:10     | Found a staircase to the Orcish Mines.
 10579 | D:10     | Found a staircase to the Lair.
 10798 | D:10     | Found a sparkling altar of Nemelex Xobeh.
 10806 | D:10     | Found an ancient bone altar of Kikubaaqudgha.
 11226 | D:10     | Reached skill level 14 in Unarmed Combat
 11594 | D:11     | Reached ***** piety under Wu Jian
 12012 | D:11     | Reached skill level 5 in Dodging
 12046 | D:11     | Noticed Nergalle
 12074 | D:11     | Killed Nergalle
 12075 | D:11     | Reached XP level 12. HP: 58/105 MP: 11/12
 12900 | Lair:1   | Entered Level 1 of the Lair of Beasts
 14177 | Lair:2   | Reached skill level 15 in Unarmed Combat
 15016 | Lair:3   | Noticed a six-headed hydra
 15041 | Lair:3   | Killed a six-headed hydra
 15042 | Lair:3   | Reached skill level 10 in Shapeshifting
 15059 | Lair:3   | Noticed an eleionoma
 15068 | Lair:3   | Killed an eleionoma
 15366 | Lair:3   | Found a staircase to the Snake Pit.
 15377 | Lair:3   | Reached XP level 13. HP: 110/114 MP: 13/13
 15579 | Lair:3   | Identified the +9 trident "Ugrudi" {freeze, rF++ rN++
                  | Will-}
 15599 | Lair:3   | Found a staircase to the Swamp.
 15926 | Lair:4   | Found a staircase to the Slime Pits.
 15927 | Lair:4   | Found a viscous altar of Jiyva.
 16729 | Lair:4   | Identified the +6 sling "Draconian's Regret" {freeze, rF-
                  | Will++ Str+4}
 16825 | Lair:4   | Reached skill level 16 in Unarmed Combat
 17145 | Lair:5   | Entered Level 5 of the Lair of Beasts
 17619 | Lair:5   | Reached XP level 14. HP: 122/122 MP: 14/14
 17629 | Lair:5   | Reached skill level 10 in Dodging
 17925 | Lair:5   | Reached ****** piety under Wu Jian
 18046 | Lair:5   | Reached skill level 17 in Unarmed Combat
 18124 | Lair:5   | Paralysed by a hornet for 2 turns
 18792 | Orc:1    | Entered Level 1 of the Orcish Mines
 19000 | Orc:1    | You fall into a shaft and drop 1 floor!
 19000 | Orc:2    | Entered Level 2 of the Orcish Mines
 19039 | Orc:2    | Found a roughly hewn altar of Beogh.
 19097 | Orc:2    | Found a staircase to the Elven Halls.
 19241 | Orc:2    | Paralysed by an orc sorcerer for 2 turns
 19243 | Orc:2    | Found Ziluwo's General Store.
 19243 | Orc:2    | Found Fiohum's Jewellery Boutique.
 19254 | Orc:2    | Paralysed by an orc sorcerer for 5 turns
 19296 | Orc:2    | Found Daqig's Magic Scroll Shop.
 19296 | Orc:2    | Found Idiargh's Assorted Antiques.
 19408 | Orc:2    | Bought a scroll of enchant armour for 105 gold pieces
 19408 | Orc:2    | Bought a scroll of identify for 28 gold pieces
 19776 | Orc:2    | Found Foistaet's General Store.
 19819 | Orc:2    | Found Wofracil's Specific Store.
 20379 | D:12     | Reached XP level 15. HP: 120/130 MP: 15/15
 21528 | D:13     | Reached skill level 18 in Unarmed Combat
 22047 | D:13     | Noticed Azrael
 22067 | D:13     | Killed Azrael
 22385 | D:14     | Noticed Rupert
 22385 | D:14     | Found a gate to the Vaults.
 22937 | D:14     | Reached skill level 19 in Unarmed Combat
 22957 | D:14     | Paralysed by Rupert for 4 turns
 22963 | D:14     | Killed Rupert
 23565 | D:14     | Found a large runed translucent door.
 23568 | D:14     | Found a large runed translucent door.
 23568 | D:14     | Noticed a shadow dragon
 23569 | D:14     | Found a large runed translucent door.
 23570 | D:14     | Found a large runed translucent door.
 23683 | D:14     | Found a large runed translucent door.
 23814 | D:14     | Found a large runed translucent door.
 23900 | D:14     | Found a large runed translucent door.
 23905 | D:14     | Found a large runed translucent door.
 23906 | D:14     | Identified the +5 flail of the Lesser Evil {flame, rPois
                  | Dex+2}
 24036 | D:14     | Killed a shadow dragon
 24038 | D:14     | Reached skill level 20 in Unarmed Combat
 24480 | D:14     | Identified a scroll of acquirement
 24480 | D:14     | Acquired the +0 cloak "Seov Qew" {Str+4 Slay+5}
 24550 | D:15     | Entered Level 15 of the Dungeon
 24717 | D:15     | Reached XP level 16. HP: 139/139 MP: 16/16
 25179 | D:15     | Found a shimmering altar of Xom.
 25381 | D:15     | Found a staircase to the Depths.
 25761 | Swamp:1  | Entered Level 1 of the Swamp
 26115 | Swamp:1  | Reached skill level 21 in Unarmed Combat
 26499 | Swamp:1  | Found a runed translucent door.
 26501 | Swamp:1  | Noticed Vioczuc's ghost (adept TrCK)
 26501 | Swamp:1  | Identified the +2 spear "Huzxut" {antimagic, rF+ Str+3
                  | Int+3 Dex-3}
 26858 | Swamp:2  | Noticed a tentacled monstrosity
 26867 | Swamp:2  | Killed a tentacled monstrosity
 28558 | Swamp:3  | Reached XP level 17. HP: 152/152 MP: 17/17
 29338 | Snake:1  | Entered Level 1 of the Snake Pit
 29970 | Snake:1  | Reached XP level 18. HP: 162/162 MP: 18/18
 30013 | Snake:1  | Found a radiant altar of Vehumet.
 30017 | Snake:1  | Found a transporter.
 30166 | Snake:1  | Reached skill level 15 in Fighting
 30591 | Snake:1  | Found a transporter.
 31289 | Snake:2  | Found a hazy altar of Hepliaklqana.
 31307 | Snake:2  | HP: 9/199 [naga/+0 war axe (12)]
 31307 | Snake:2  | Mangled by a naga

Illustrated notes

Levels and vault maps discovered:
D:1:      dpeg_arrival_morbid_curiosity, layout_rooms,
          shapermc_ecumenical_altar_flowoftime, minmay_misc_feat_roman
D:2:      minmay_alternating_diamond, layout_rooms, minmay_hedge_maze,
          amcnicky_mini_corridor_feature, minmay_box_of_dots
D:3:      mumra_celtic_spiral_tile, layout_rooms, zin_angel
D:4:      layout_loops_ring, minmay_temple_entry_grid
D:5:      layout_basic, serial_corexii_hall, corexii_hall_statues_deadend,
          chequers_hall_statues_corner_a, serial_shops,
          nicolae_shop_tiny_waterfront
D:6:      layout_basic, fedhas_altar_3, grunt_dithmenos_smoke_and_mirrors,
          marbit_many_paths, nicolae_zen_rock_garden, nrook_loot_triangle,
          nicolae_water_bricks, st_stairs_5
D:7:      layout_loops_ring, led_sif_pool, mainiacjoe_overflow_brackets,
          enter_bailey_8, nzn_ghost_randoct, roadster_capsule_ark_zombie
D:8:      layout_loops_corners, lemuel_tele_altar, kennysheep_windowed_goal
D:9:      layout_rooms, mainiacjoe_overflow_tiny_flanked, minitemple, uniq_grum,
          uniq_erica
D:10:     layout_basic, mainiacjoe_overflow_large_starburst, erik_lair_island,
          orc_0_dummy
D:11:     layout_layer_cave, bh_circular_ruins, uniq_nergalle
D:12:     layout_stronghold
D:13:     layout_gridville, hangedman_aviary, uniq_azrael
D:14:     minmay_five_octagons, layout_rooms, david_vaults_3
D:15:     grunt_enter_depths_hoard, layout_irregular_city,
          regret_index_xom_buried_treasure, hangedman_decor_push
Temple:   chequers_temple_sunken
Lair:1:   layout_loops_ring, infiniplex_staircase_pool
Lair:2:   layout_regular_city
Lair:3:   layout_loops_ring, alex1729_swamp_entry_worm_eleionoma,
          guppyfry_snake_entry_island, minmay_stone_trees_small,
          infiniplex_staircase_pool_2
Lair:4:   layout_gridlike, slime_entry_1
Lair:5:   minmay_lair_end_enchanted_forest, layout_loops_ring, st_stairs_11
Swamp:1:  layout_basic_swamp, ebering_ghost_funeral_grove,
          nicolae_swamp_round_clearing
Swamp:2:  layout_falls_marsh, hangedman_swamp_ruin_hall,
          nicolae_swamp_oklob_treasure_island
Swamp:3:  layout_basic_swamp, nicolae_swamp_trees_clearing
Snake:1:  gammafunk_sealed_library, layout_basic,
          nicolae_snake_the_dead_are_slithering, serial_bayou_shore_a
Snake:2:  layout_chambers, basic_altar, nicolae_integral_box, uniq_vashnia,
          uniq_donald
Orc:1:    layout_diamond_mine
Orc:2:    st_orc_mages, layout_caves, gauntlet_entry_generic,
          nicolae_specific_store, minmay_orc_temple_c

Skill      XL: |  1  2  3  4  5  6  7  8  9 10 11 12 13 14 15 16 17 18 |
---------------+-------------------------------------------------------+-----
Unarmed Combat | 4 5 6 7 9 11 13 14 15 16 17 20 21 | 21.0
Shapeshifting  | 4 5 6 7 8 10 11 12 13 14 | 14.6
Fighting       | 2 6 9 10 11 12 14 15 | 15.7
Dodging        | 5 7 9 11 12 | 12.3

Action                     |  1- 3 |  4- 6 |  7- 9 | 10-12 | 13-15 | 16-18 || total
---------------------------+-------+-------+-------+-------+-------+-------++-------
  Melee: Unarmed           |    96 |   159 |   393 |   767 |  1356 |   514 ||  3285
         Tailslap          |     7 |    22 |    72 |   135 |   197 |    10 ||   443
         Punch             |       |     4 |     6 |     1 |   135 |     5 ||   151
         Maw               |       |       |       |       |   283 |       ||   283
         Constrict         |       |       |       |       |       |    93 ||    93
  Throw: Dart              |       |       |     3 |       |       |       ||     3
 Invoke: Serpent's Lash    |       |       |       |     3 |    18 |     6 ||    27
         Heavenly Storm    |       |       |       |       |     3 |     1 ||     4
Ability: Lunge             |       |     9 |    28 |    41 |   123 |    44 ||   245
         Steam Breath      |       |       |     2 |     1 |     2 |       ||     5
         Whirlwind         |       |       |    28 |   253 |   597 |   121 ||   999
         Begin Untransform |       |       |     1 |     1 |     4 |     1 ||     7
  Evoke: Wand              |       |       |       |       |     4 |       ||     4
    Use: Potion            |     1 |       |     3 |     1 |     2 |     4 ||    11
         Scroll            |       |     5 |     2 |    11 |    12 |     5 ||    35
   Stab: Sleeping          |     1 |     5 |     2 |       |     3 |       ||    11
         Distracted        |       |       |     1 |       |       |       ||     1
 Armour: Skin              |    45 |    81 |   172 |   357 |   594 |   338 ||  1587
  Dodge: Dodged            |    46 |    84 |   177 |   516 |   768 |   200 ||  1791
   Form: Flux              |       |       |     1 |       |       |       ||     1
         Blade             |       |       |       |     1 |     2 |       ||     3
         Maw               |       |       |       |       |     2 |       ||     2
         Serpent           |       |       |       |       |       |     2 ||     2

Table legend: (Time is in decaauts)
 A = Elapsed time spent in this place.
 B = Non-inter-level travel time spent in this place.
 C = Inter-level travel time spent in this place.
 D = Time resting spent in this place.
 E = Time spent auto-exploring this place.
 F = Levels seen in this place.
 G = Mean time per level.
                   A        B        C        D        E       F      G
               +--------+--------+--------+--------+--------+-----+--------+
         Total |  30991 |  29531 |   1460 |   4198 |  19753 |  28 | 1106.8 |
       Dungeon |  18325 |  17339 |    986 |   2418 |  11783 |  15 | 1221.7 |
        Temple |     48 |      3 |     45 |      0 |      0 |   1 |   48.0 |
          Lair |   6135 |   5850 |    285 |    992 |   3689 |   5 | 1227.0 |
         Swamp |   3496 |   3436 |     60 |    299 |   2735 |   3 | 1165.3 |
     Snake Pit |   1706 |   1674 |     32 |    474 |    665 |   2 |  853.0 |
  Orcish Mines |   1279 |   1230 |     49 |     15 |    880 |   2 |  639.5 |
               +--------+--------+--------+--------+--------+-----+--------+

Top non-repeatable levels by time:
  Lair:3: 1861 daAuts
    D:14: 1769 daAuts
    D:13: 1710 daAuts
     D:8: 1617 daAuts
 Snake:1: 1567 daAuts
  Lair:5: 1560 daAuts
     D:6: 1490 daAuts
     D:7: 1450 daAuts
    D:10: 1415 daAuts
    D:11: 1319 daAuts
 Swamp:2: 1198 daAuts
 Swamp:3: 1184 daAuts
 Swamp:1: 1113 daAuts
    D:15: 1090 daAuts
  Lair:2: 1039 daAuts
